 Dungeon Crawl Stone Soup version 0.27-a0-1196-g3e9cee4cb2 (webtiles) character file.

Game seed: 18052441012867873938

17 dickylongcocking the Magician (level 2, -7/21 HPs)
             Began as a Djinni Fire Elementalist on May 28, 2021.
             Mangled by Sigmund
             ... wielding a +0 scythe
              (10 damage)
             ... on level 1 of the Dungeon.
             The game lasted 00:01:10 (1776 turns).

dickylongcocking the Magician (DjFE)                Turns: 1776, Time: 00:01:10

Health: -7/21      AC:  6    Str:  4 (7)  XL:     2   Next: 80%
Gold:   35         EV: 18    Int: 14 (16) God:
                   SH:  0    Dex: 10 (13)

rFire    + + .     SeeInvis .   (weapon currently unavailable)
rCold    + + .     Faith    .   (shield currently unavailable)
rNeg     + + +     Spirit   .   (armour currently unavailable)
rPois    ∞         Reflect  .   (helmet currently unavailable)
rElec    +         Harm     .   (cloak currently unavailable)
rCorr    +         Rampage  .   (gloves currently unavailable)
Will     .....                  (boots unavailable)
Stlth    ++........             (amulet currently unavailable)
HPRegen  0.07/turn              (ring currently unavailable)
MPRegen  0.00/turn              (ring currently unavailable)

@: wisp-form (expiring), attractive, flying
A: insubstial, flying, no casting, sickness immunity, tiny, (fire resistance 2),
(cold vulnerability 1), float, innate caster, hp casting, extra vitality 1,
(antennae 1), wild magic 1, MP-powered wands
a: no special abilities


You were on level 1 of the Dungeon.
You were an insubstantial wisp.
You visited 1 branch of the dungeon, and saw 2 of its levels.

You collected 35 gold pieces.

Inventory:

Hand Weapons
 e - a +0 spear (melded)
Armour
 a - a +0 robe (melded)
 g - a +0 buckler
Scrolls
 c - a scroll of teleportation {unknown}
 d - a scroll of silence {unknown}
 h - a scroll of identify {unknown}


   Skills:
 + Level 2.3 Dodging
 + Level 1.6 Stealth
 + Level 3.0 Spellcasting


You couldn't memorise any spells.
You knew the following spells:

 Your Spells              Type           Power      Damage    Failure   Level
a - Foxfire               Conj/Fire      52%        2x1d6     10%         1
b - Conjure Flame         Conj/Fire      13%        6-21      26%         3
c - Inner Flame           Hex/Fire       13%        N/A       26%         3
d - Sticky Flame          Conj/Fire      13%        2d4       61%         4
e - Fireball              Conj/Fire      6%         3d5       90%         5
Your spell library was empty.

Dungeon Overview and Level Annotations

Branches:
Dungeon (2/15)

Altars:

Shops:
D:2 [

Annotations:
D:1 Sigmund


Innate Abilities, Weirdness & Mutations

You are an insubstantial wisp.
Your tiny insubstantial body is highly resistant to most damage types.
You are flying.
Your equipment is entirely melded.
You are incapable of wielding weapons or throwing items.
You cannot cast spells.
You are immune to sickness and miasma.
You are immune to poison.
((Your flesh is very heat resistant. (rF++)))
((You are vulnerable to cold. (rC-)))
You float through the air rather than walking.
You learn spells naturally, not from books.
Your magical power is your life essence.
You have superior vitality. (+4 HP)
((You have a pair of small antennae on your head.))
Your spells are a little harder to cast, but a little more powerful.
You expend health (3 HP) to strengthen your wands.


Message History

Sigmund zaps a wand.
Unknown command.
Sigmund completely misses you.
Sigmund hits you from afar with a +0 scythe.
Sigmund is pulled toward you!
Sigmund points at you and mumbles some strange words.
The puff of flame hits you. You resist. Sigmund is pulled toward you!
Things that are here:
a +0 short sword; a stone Sigmund closely misses you.
Sigmund is pulled toward you!
There is a stone staircase leading up here.
Sigmund closely misses you. The ball python is pulled toward you!
You fly upwards.
There is a stone staircase leading down here.
Unknown command.
Sigmund misses you. Sigmund is pulled toward you!
Sigmund zaps a wand.
You resist with significant effort. Sigmund is pulled toward you!
Sigmund misses you. Sigmund is pulled toward you!
Sigmund points at you and mumbles some strange words.
You are confused.
Sigmund is pulled toward you! Sigmund barely misses you.
Sigmund is pulled toward you!
You bump into the rock wall.
Sigmund gestures at you while chanting. You resist with significant effort.
You bump into the rock wall.
Your transformation is almost over.
Sigmund hits you with a +0 scythe!
Ouch! That really hurt!
* * * LOW HITPOINT WARNING * * *
Unknown command.
You are too confused!
Unknown command.
Sigmund barely misses you. Sigmund is pulled toward you!
You bump into the rock wall.
You feel less confused. Sigmund closely misses you.
Sigmund hits you from afar with a +0 scythe!
You die...

#........................#..##
####.####.#...>.#..#.....#.##
#.###.#.#...##..#######.#
#....###................#
#####.#...........#######
##.###.######## ### #@# #.#
#v# ####### #.# #.....# #.#
#.....#######.##
#..............##
#.....###.......# #.....#
#.......#
###.#####.......########
#.......#..............#######


You could see Sigmund.

Vanquished Creatures
  A dart slug (D:1)
  2 endoplasms (D:1)
  2 hobgoblins (D:1)
  A jackal (D:1)
  A quokka (D:1)
  A bat (D:1)
  3 frilled lizards (D:1)
  2 kobolds
  3 rats (D:1)
16 creatures vanquished.

Vanquished Creatures (others)
  68 foxfires
68 creatures vanquished.

Grand Total: 84 creatures vanquished

Notes
Turn   | Place    | Note
-------+----------+-------------------------------------------
     0 | D:1      | dickylongcocking the Djinni Fire Elementalist began the
                  | quest for the Orb.
     0 | D:1      | Reached XP level 1. HP: 15/15 MP: 0/0
   737 | D:1      | Reached XP level 2. HP: 19/21 MP: 0/0
   844 | D:1      | Found a faded altar of an unknown god.
  1231 | D:1      | Reached skill level 3 in Spellcasting
  1596 | D:2      | Found Mexoqihu's Antique Armour Shop.
  1597 | D:2      | Noticed Sigmund
  1756 | D:2      | Gained mutation: You have a pair of small antennae on your
                  | head. [potion of mutation]
  1756 | D:2      | Gained mutation: You expend health (3 HP) to strengthen
                  | your wands. [potion of mutation]
  1756 | D:2      | Gained mutation: Your spells are a little harder to cast,
                  | but a little more powerful. [potion of mutation]
  1776 | D:1      | Mangled by Sigmund

Illustrated notes

Levels and vault maps discovered:
D:1:      ebering_trefoil_twist, layout_loops_corners,
          hellmonk_ecumenical_altar_inner_sanctum, st_stairs_5,
          grunt_decor_one_mirror, minmay_misc_feat_hallway, minmay_octomino_j4
D:2:      layout_loops_cross, serial_shops, shop, nicolae_shop_waterfront,
          nicolae_shop_statue_plus, minmay_misc_feat_nine_boxes,
          grunt_decor_junction, kennysheep_potato, uniq_natasha, uniq_sigmund,
          uniq_jessica

Skill      XL: |  1  2 |
---------------+-------+-----
Spellcasting   | 3 |  3.0
Dodging        | |  2.3
Stealth        | |  1.6

Action                   || total
-------------------------++-------
Melee: Spear             ||     2
 Cast: Foxfire           ||    47
  Use: Potion            ||     4
Armor: Robe              ||     5
       Skin              ||     1
Dodge: Dodged            ||    14

Table legend: (Time is in decaauts)
 A = Elapsed time spent in this place.
 B = Non-inter-level travel time spent in this place.
 C = Inter-level travel time spent in this place.
 D = Time resting spent in this place.
 E = Time spent auto-exploring this place.
 F = Levels seen in this place.
 G = Mean time per level.
                   A        B        C        D        E       F      G
               +--------+--------+--------+--------+--------+-----+--------+
         Total |   1775 |   1727 |     48 |    141 |   1439 |   2 |  887.5 |
       Dungeon |   1775 |   1727 |     48 |    141 |   1439 |   2 |  887.5 |
               +--------+--------+--------+--------+--------+-----+--------+

Top non-repeatable levels by time:
     D:1: 1604 daAuts
     D:2: 171 daAuts
